 Dungeon Crawl Stone Soup version 0.30-b1-2-g02819fbbbe (webtiles) character file.

Game seed: 3084717937805692123

332 Alarkh the Insei (level 6, 47/47 HPs)
             Began as a Demonspawn Artificer on Nov 27, 2023.
             Got out of the dungeon alive.
             The game lasted 00:03:37 (3223 turns).

Alarkh the Insei (Demonspawn Artificer)             Turns: 3223, Time: 00:03:37

Health: 47/47      AC:  7    Str: 13    XL:     6   Next: 26%
Magic:  6/6        EV: 11    Int: 14    God:
Gold:   103        SH:  0    Dex: 13    Spells: 5/5 levels left

rFire   . . .        a - +1 dagger (elec)
rCold   . . .        (no shield)
rNeg    . . .        b - +0 leather armour
rPois   .            w - +2 helmet
rElec   .            (no cloak)
rCorr   .            l - +0 pair of gloves
SInv    .            (no boots)
Will    .....        (no amulet)
Stlth   +            i - ring of wizardry
HPRegen 0.27/turn    (no ring)
MPRegen 0.10/turn

%: wizardry (x1)
@: no status effects
A: ignite blood 1, sturdy frame 1, demonic magic 1, weakness stinger 1
a: no special abilities


You escaped.
You visited 1 branch of the dungeon, and saw 4 of its levels.

You collected 103 gold pieces.

Inventory:

Hand Weapons
 a - a +1 dagger of electrocution (weapon)
 o - a +0 dagger
Armour
 b - a +0 leather armour (worn)
 l - a +0 pair of gloves (worn)
 w - a +2 helmet (worn)
Magical Staves
 x - a staff of cold
Jewellery
 i - a ring of wizardry (left hand)
Wands
 c - a wand of flame (7) (quivered)
 d - a wand of charming (15)
 e - a wand of iceblast (2)
Scrolls
 h - a scroll of amnesia {unknown}
 k - 2 scrolls of teleportation {unknown}
 m - a scroll of acquirement {unknown}
 r - a scroll of silence {unknown}
 t - 2 scrolls of magic mapping {unknown}
 u - a scroll of enchant armour {unknown}
 v - a scroll of fear {unknown}
 y - a scroll of identify {unknown}
Potions
 f - a potion of curing {unknown}
 g - a potion of heal wounds
 j - 2 potions of degeneration {unknown}
 n - a potion of attraction {unknown}
 p - 2 potions of lignification {unknown}
 q - a potion of ambrosia {unknown}
 s - a potion of resistance {unknown}


   Skills:
 + Level 3.6 Fighting
 - Level 1.7 Armour
 - Level 0.8 Dodging
 - Level 0.8 Stealth
 * Level 4.6 Unarmed Combat
 - Level 3.0 Evocations


You had 5 spell levels left.
You didn't know any spells.
Your spell library was empty.

Dungeon Overview and Level Annotations

Branches:
Dungeon (4/15)
 Temple: D:4-7

Altars:
Nemelex Xobeh
Okawaru
Qazlal
Wu Jian
Yredelemnul


Innate Abilities, Weirdness & Mutations

Your demonic aura sometimes causes spilled blood to erupt in flames.
Your movements are slightly less encumbered by armour. (ER -2)
Spells you cast may paralyse adjacent enemies.
You have a small tail.


Message History

You barely miss the worm.
The worm is severely wounded.
The worm bites you.
You hit the worm.
The worm is severely wounded.
The worm bites you.
You hit the worm.
Your tail-slap misses the worm.
The worm is severely wounded.
You hit the worm. You tail-slap the worm.
You kill the worm!
No target in view!
No target in view!
No target in view!
No target in view!
No target in view!
No target in view!
No target in view!
No target in view!
No target in view!
Unknown command.
(D) Dungeon
Where to? (Enter - D:4, ? - help)
What level of the Dungeon? (default 1, ? - help)
Things that are here:
a +0 giant spiked club; an ogre corpse
There is a stone staircase leading up here.
You climb upwards.
There is a stone staircase leading down here.
HP restored.
There is a stone staircase leading up here.
You climb upwards.
There is a stone staircase leading down here.
There is a stone staircase leading up here.
You climb upwards.
There is a stone staircase leading down here.
There is an open door here.
HP restored.
There is a staircase leading out of the dungeon here.
Are you sure you want to leave the Dungeon?
This will make you lose the game!
You have escaped!

# #...# ###.......# #.##.. #
##### #.#.......###.##..
#.##.##.#PP##.##..
##.##.##....♣P.####
##########...#..###....P..#
#.......##...##.##P....P♣.##
######.......##...##.##..~~♣..P#.
....##.......#.....#.##.~~~~...#.
....##.......'..@.....#P.♣~~~....
....##.......#.....##.#.P.~~♣~.##
....'^.......##...###.#..~♣~~♣P.#
....##..#######...# #.#P..)♣~..).
#######.## #...# #.##P..~.P...
#..# ##.## #....P....... ## ##.#
#.# #####........ .# #.## #.#
##P...... .# #..#### ### ######..


There were no monsters in sight!

Vanquished Creatures
  An ogre (D:4)
  A jelly (D:4)
  An iguana (D:4)
  Robin (D:3)
  4 gnolls (D:3)
  5 adders
  An ufetubus (D:4)
  A worm (D:4)
  An orc (D:3)
  4 ball pythons
  6 endoplasms
  2 giant cockroaches
  22 goblins
  4 hobgoblins
  10 jackals
  2 kobolds
  4 quokkas
  5 bats
  5 frilled lizards
  3 rats
83 creatures vanquished.

Vanquished Creatures (others)
  2 plants (D:1)
2 creatures vanquished.

Grand Total: 85 creatures vanquished

Notes
Turn   | Place    | Note
-------+----------+-------------------------------------------
     0 | D:1      | Alarkh the Demonspawn Artificer began the quest for the
                  | Orb.
     0 | D:1      | Reached XP level 1. HP: 15/15 MP: 1/1
   321 | D:1      | Reached skill level 1 in Unarmed Combat
   329 | D:1      | Gained mutation: Your demonic aura sometimes causes spilled
                  | blood to erupt in flames. [demonic ancestry]
   329 | D:1      | Reached XP level 2. HP: 18/21 MP: 2/2
   979 | D:2      | Gained mutation: Your movements are slightly less
                  | encumbered by armour. (ER -2) [demonic ancestry]
   979 | D:2      | Reached XP level 3. HP: 16/27 MP: 3/3
   981 | D:2      | Reached skill level 2 in Unarmed Combat
  1571 | D:3      | Found an ornate altar of the Wu Jian Council.
  1571 | D:3      | Found a basalt altar of Yredelemnul.
  1604 | D:3      | Found an iron altar of Okawaru.
  1654 | D:3      | Reached skill level 3 in Unarmed Combat
  1654 | D:3      | Reached XP level 4. HP: 12/34 MP: 4/4
  1761 | D:3      | Found a faded altar of an unknown god.
  2243 | D:3      | Found a stormy altar of Qazlal.
  2457 | D:3      | Gained mutation: You have a small tail. [demonic ancestry]
  2457 | D:3      | Reached XP level 5. HP: 39/40 MP: 5/5
  2527 | D:3      | Noticed Robin
  2563 | D:3      | Killed Robin
  3029 | D:4      | Found a sparkling altar of Nemelex Xobeh.
  3038 | D:4      | Reached skill level 4 in Unarmed Combat
  3128 | D:4      | Noticed an ogre
  3133 | D:4      | Killed an ogre
  3134 | D:4      | Gained mutation: Spells you cast may paralyse adjacent
                  | enemies. [demonic ancestry]
  3134 | D:4      | Reached XP level 6. HP: 47/47 MP: 6/6
  3223 | D:$      | Got out of the dungeon alive.

Illustrated notes

Levels and vault maps discovered:
D:1:      dpeg_arrival_rhombus, layout_basic, serial_bayou, serial_bayou_pond_a,
          serial_bayou_lake_a, serial_bayou_shore_b, serial_bayou_pond_a,
          serial_bayou_crossing
D:2:      layout_rooms
D:3:      kennysheep_goblin_castle, layout_basic, grunt_qazlal_clouds,
          mainiacjoe_overflow_brackets, gammafunk_temple_overflow_elements,
          hellmonk_ecumenical_altar_arch_garden, minmay_randomly_rotated_circles
D:4:      layout_rooms, overflow_temple_1_default, ebering_ghost_disaster_area

Skill      XL: |  1  2  3  4  5 |
---------------+----------------+-----
Unarmed Combat | 1 3 4 |  4.6
Fighting       | 2 3 |  3.6
Armour         | |  1.7
Dodging        | |  0.8
Stealth        | |  0.8
Evocations     | |  3.0

Action                     |  1- 3 |  4- 6 || total
---------------------------+-------+-------++-------
  Melee: Club              |    68 |       ||    68
         Dagger            |    76 |   112 ||   188
         Punch             |     1 |     1 ||     2
         Tailslap          |       |    11 ||    11
  Evoke: Wand              |     7 |    14 ||    21
    Use: Potion            |     1 |       ||     1
   Stab: Sleeping          |       |     3 ||     3
 Armour: Leather armour    |    66 |    41 ||   107
  Dodge: Dodged            |   140 |    82 ||   222
